 Dungeon Crawl Stone Soup version 0.18-a0-1203-gbde16db (webtiles) character file.

145 Oddball22 the Sneak (level 5, 0/26 HPs)
             Began as a Vine Stalker Artificer on Feb 1, 2016.
             Was an Initiate of Pakellas.
             Succumbed to a crimson imp's poison
             ... on level 3 of the Dungeon.
             The game lasted 00:06:49 (2106 turns).

Oddball22 the Sneak (Vine Stalker Artificer)        Turns: 2106, Time: 00:06:50

Health: 0/26       AC:  3    Str: 13    XL:     5   Next: 27%
Magic:  0/8        EV: 12    Int: 12    God:    Pakellas [......]
Gold:   139        SH:  0    Dex: 16    Spells: 0 memorised, 4 levels left

rFire  . . .     SeeInvis .     a - +0 short sword
rCold  . . .     Gourm    .     b - +0 leather armour
rNeg   . . .     Faith    .     (no shield)
rPois  .         Spirit   +     (no helmet)
rElec  .         Dismiss  .     (no cloak)
rCorr  .         Reflect  .     (no gloves)
SustAt .         Harm     .     (no boots)
MR     .....                    (no amulet)
Stlth  ++........               (no ring)
                                (no ring)

@: lethally poisoned (0 -> -4), very slightly contaminated, hasted, drained,
very quick, not resistant to hostile enchantments, unstealthy
A: fangs 2, regeneration 1, magic shield, antimagic bite, no device heal 3, rot
immunity
a: Renounce Religion


You were on level 3 of the Dungeon.
You worshipped Pakellas.
Pakellas was noncommittal.
You were not hungry.

You visited 1 branch of the dungeon, and saw 3 of its levels.

You collected 139 gold pieces.

Inventory:

Hand Weapons
 a - a +0 short sword (weapon)
 v - a +0 rapier
Armour
 b - a +0 leather armour (worn)
Wands
 c - a wand of flame (15/48)
 d - a wand of enslavement (15/24)
 e - a wand of random effects (0/48)
 u - a wand of flame (21/48)
Scrolls
 g - 4 scrolls of identify {unknown}
 i - 3 scrolls of teleportation {unknown}
 m - 2 scrolls of enchant weapon {unknown}
 p - 3 scrolls of fog {unknown}
 t - a scroll of remove curse {unknown}
 x - a scroll of amnesia {unknown}
 y - 2 scrolls of blinking {unknown}
 z - 3 scrolls of enchant armour {unknown}
Potions
 h - a potion of cure mutation {unknown}
 k - a potion of flight {unknown}
 n - a potion of haste {unknown}
 o - a potion of curing {unknown}
 q - a potion of poison {unknown}
 r - a potion of brilliance {unknown}
 s - 2 potions of lignification {unknown}
Comestibles
 f - 2 bread rations
 j - a chunk of flesh
 l - a beef jerky
 w - a meat ration


   Skills:
 + Level 1.6(1.0) Fighting
 + Level 2.0(1.3) Short Blades
 + Level 2.1(1.5) Dodging
 * Level 4.5(3.7) Stealth
 + Level 2.9(2.2) Evocations


You had 4 spell levels left.
You didn't know any spells.

Dungeon Overview and Level Annotations

Branches:
Dungeon (3/15)

Altars:
Gozag
Pakellas
Xom
Yredelemnul
The Shining One


Innate Abilities, Weirdness & Mutations

You have extremely sharp teeth.
Your natural rate of healing is unusually fast.
When hurt, damage is shared between your health and your magic reserves.
Your bite disrupts and absorbs the magic of your enemies.
Potions and wands cannot restore your health.
You are immune to rotting.


Message History

Press: ? - help, Shift-Dir - straight line The bolt of fire hits something.
This wand has 2 charges left.
* * * LOW HITPOINT WARNING * * *
You feel sick.
Evoke which item? (* to show all) (? for menu, Esc to quit)
Zapping:
e - a wand of random effects (2/48)
Press: ? - help, Shift-Dir - straight line This wand has 1 charge left.
* * * LOW HITPOINT WARNING * * *
You feel sick. Something hits you but does no damage. Space bends around you.
* * * LOW HITPOINT WARNING * * *
Evoke which item? (* to show all) (? for menu, Esc to quit)
Zapping:
e - a wand of random effects (1/48)
Press: ? - help, Shift-Dir - straight line This wand has 0 charges left.
Something hits you.
* * * LOW HITPOINT WARNING * * *
Evoke which item? (* to show all) (? for menu, Esc to quit)
Okay, then.
You miss something. You bite something.
You die...

.#. # ### .. #.
..# .# #.###.##.#
...#.#..#
#.#.#.######.
#............
###.#.#########
#.....{@....#
#.......######.##
######### #.# #.#
#.# #.# #.#
######.# #......#


There were no monsters in sight!

Vanquished Creatures
  Ijyb (D:3)
  Terence (D:3)
  A gnoll (D:1)
  2 adders (D:2)
  An ooze (D:1)
  2 worms (D:2)
  2 giant geckos
  A ball python (D:2)
  7 bats
  5 giant cockroaches
  6 hobgoblins
  4 jackals (D:1)
  4 giant newts
  7 goblins
  6 kobolds
  10 rats
60 creatures vanquished.

Notes
Turn   | Place    | Note
--------------------------------------------------------------
     0 | D:1      | Oddball22 the Vine Stalker Artificer began the quest for the Orb.
     0 | D:1      | Reached XP level 1. HP: 9/9 MP: 3/3
    76 | D:1      | Reached skill level 1 in Short Blades
   139 | D:1      | Reached XP level 2. HP: 9/14 MP: 5/5
   518 | D:1      | Reached XP level 3. HP: 12/17 MP: 4/6
   591 | D:1      | Reached skill level 3 in Stealth
   997 | D:2      | Reached XP level 4. HP: 21/21 MP: 7/7
  1118 | D:2      | Found an opulent altar of Gozag.
  1162 | D:2      | Found an oddly glowing altar of Pakellas.
  1168 | D:2      | Became a worshipper of Pakellas the Inventive
  1256 | D:2      | Reached skill level 1 in Fighting
  1554 | D:2      | Reached skill level 4 in Stealth
  1622 | D:3      | Found a basalt altar of Yredelemnul.
  1623 | D:3      | Noticed Ijyb
  1625 | D:3      | Found an oddly glowing altar of Pakellas.
  1653 | D:3      | Killed Ijyb
  1653 | D:3      | Reached XP level 5. HP: 7/25 MP: 2/8
  1655 | D:3      | Found a glowing golden altar of the Shining One.
  1769 | D:3      | Noticed Terence
  1774 | D:3      | Killed Terence
  1921 | D:3      | Found a shimmering altar of Xom.
  2105 | D:3      | HP: 1/26 [something (2)]
  2106 | D:3      | Succumbed to a crimson imp's poison

Vault maps used:
D:1:      dpeg_arrival_three_same_balls, bh_walls_and_bars
D:2:      nicolae_overflow_crystal_walls, first_bread, grunt_pakellas_basics
D:3:      overflow_temple_1_default, led_xom_imps, overflow_temple_1_default,
          gammafunk_temple_overflow_forgotten, uniq_iyjb, uniq_natasha,
          uniq_terence, uniq_jessica

Action                   |  1- 3 |  4- 6 || total
-------------------------+-------+-------++-------
Melee: Short sword       |   126 |   132 ||   258
Evoke: Wand              |       |    20 ||    20
 Stab: Sleeping          |     6 |     4 ||    10
  Eat: Chunk             |       |     4 ||     4
